 Dungeon Crawl Stone Soup version 0.23.2-1-ga50397a (webtiles) character file.

Game seed: 10687485447501277890

28 Iscandelvey the Vexing (level 3, 26/26 HPs)
             Began as a Demonspawn Arcane Marksman on Apr 17, 2019.
             Quit the game on level 1 of the Dungeon.
             The game lasted 00:01:29 (1028 turns).

Iscandelvey the Vexing (Demonspawn Arcane Marksman) Turns: 1028, Time: 00:01:30

Health: 26/26      AC:  2    Str: 10    XL:     3   Next: 0%
Magic:  4/4        EV: 12    Int: 15    God:
Gold:   27         SH:  0    Dex: 13    Spells: 3/4 levels left

rFire    . . .     SeeInvis .   a - +0 shortbow
rCold    . . .     Gourm    .   (shield currently unavailable)
rNeg     . . .     Faith    .   e - +0 robe
rPois    .         Spirit   .   (no helmet)
rElec    .         Reflect  .   (no cloak)
rCorr    .         Harm     .   (no gloves)
MR       .....                  (no boots)
Stlth    +.........             (no amulet)
HPRegen  0.08/turn              (no ring)
MPRegen  0.09/turn              (no ring)

@: no status effects
A: spiny 1, sturdy frame 1
a: no special abilities


You were on level 1 of the Dungeon.
You were not hungry.

You visited 1 branch of the dungeon, and saw 1 of its levels.

You collected 27 gold pieces.

Inventory:

Hand Weapons
 a - a +0 shortbow (weapon)
Missiles
 d - 8 arrows (quivered)
Armour
 e - a +0 robe (worn)
Scrolls
 b - a scroll of teleportation {unknown}
 c - a scroll of noise {unknown}
 i - a scroll of immolation {unknown}
 j - a scroll of identify {unknown}
Potions
 g - a potion of degeneration {unknown}
 h - a potion of berserk rage {unknown}
Comestibles
 f - 2 rations


   Skills:
 + Level 1.2 Fighting
 + Level 2.6 Bows
 + Level 1.9 Dodging
 + Level 1.0 Spellcasting
 + Level 3.3 Hexes


You had 3 spell levels left.
You knew the following spells:

 Your Spells              Type           Power        Failure   Level  Hunger
a - Corona                Hex            ##.....      6%          1    ##.....

Your spell library contained the following spells:

 Spells                   Type           Power        Failure   Level  Hunger
 Slow                     Hex            ##......     10%         2    ###....
 Inner Flame              Hex/Fire       #.......     36%         3    ####...
 Portal Projectile        Hex/Tloc       #.....       36%         3    ####...
 Cause Fear               Hex            ##........   52%         4    #####..
 Leda's Liquefaction      Hex/Erth       #.........   77%         4    #####..


Dungeon Overview and Level Annotations

Branches:
Dungeon (1/15)

Altars:


Innate Abilities, Weirdness & Mutations

You are partially covered in sharp spines.
Your movements are slightly less encumbered by armour. (ER -2)


Message History

Aim: a leopard gecko (almost dead, clinging)
You shoot an arrow.
The arrow completely misses the leopard gecko.
Firing (i - inventory)
d - 10 arrows (quivered)
Press: ? - help, Shift-Dir - straight line, f/p - leopard gecko
Aim: a leopard gecko (almost dead, clinging)
You shoot an arrow.
The arrow completely misses the leopard gecko.
A leopard gecko is nearby!
Firing (i - inventory)
d - 9 arrows (quivered)
Press: ? - help, Shift-Dir - straight line, f/p - leopard gecko
Aim: a leopard gecko (almost dead, clinging)
You shoot an arrow. The arrow hits the leopard gecko.
You kill the leopard gecko!
You have reached level 3!
Your experience leads to an increase in your attributes!
Increase (S)trength, (I)ntelligence, or (D)exterity?
You feel clever.
Your demonic ancestry asserts itself...
Sharp spines emerge from parts of your body.
Are you sure you want to abandon this character and quit the game? (Confirm with "yes".)

#..........[. #(#
#...#####.### #.#
#.........# #.#
########### #.#
#........# #.#
#..#####.# #.#
#.. ##..# #(# ##
#...# #@#
########...# #.#
.......'...# #.#
########...# #.#
#.......# #.#
#.......#
##.######.......#
#..)......÷.....#
##..#.#..##÷#####
##......##.#


There were no monsters in sight!

Vanquished Creatures
  5 leopard geckos (D:1)
  4 goblins (D:1)
  5 hobgoblins (D:1)
  3 kobolds (D:1)
  4 bats (D:1)
  A frilled lizard (D:1)
22 creatures vanquished.

Notes
Turn   | Place    | Note
-------+----------+-------------------------------------------
     0 | D:1      | Iscandelvey the Demonspawn Arcane Marksman began the quest
                  | for the Orb.
     0 | D:1      | Reached XP level 1. HP: 15/15 MP: 2/2
   131 | D:1      | Gained mutation: Your movements are slightly less
                  | encumbered by armour. (ER -2) [demonic ancestry]
   131 | D:1      | Reached XP level 2. HP: 15/21 MP: 3/3
  1027 | D:1      | Gained mutation: You are partially covered in sharp spines.
                  | [demonic ancestry]
  1027 | D:1      | Reached XP level 3. HP: 26/26 MP: 4/4
  1028 | D:1      | Quit the game

Skill      XL: |  1 |
---------------+----+-----
Bows           | 2 |  2.6
Fighting       | |  1.2
Dodging        | |  1.9
Spellcasting   | |  1.0
Hexes          | |  3.3

Action                   || total
-------------------------++-------
 Fire: Shortbow          ||    79
Armor: Robe              ||     9
Dodge: Dodged            ||    23
